Map: Orbital Shipyard

Players

Jedipwner - Winner!

  • Race: Terran Terran
  • League: Gold
  • Spawn Location: 1:00

palerider

  • Race: Protoss Protoss
  • League: Gold
  • Spawn Location: 7:00

VOD

Have the link to the VOD?

Description

Time

  • Played on: Feb. 18, 2016, 9:53 p.m.
  • Length: 34:18
Show
View Real Time Build Order
Export as new Build Order

Jedipwner Terran - Winner!

Build Orders: Reaper Expand, MMM Bio 

Get SALT Encoding   

  12  0:01  SCV  
  13  0:13  SCV  
  14  0:18  Supply Depot  
  14  0:28  SCV  
  15  0:40  SCV  
  15  0:41  Barracks  
  16  0:46  Refinery  
  16  0:52  SCV  
  17  1:05  SCV  
  18  1:17  SCV  
  19  1:29  Orbital Command  
  19  1:39  Command Center  
  19  1:42  Reaper  
  20  1:59  Supply Depot  
  20  2:03  SCV  
  21  2:17  Factory  
  21  2:19  Refinery  
  21  2:27  SCV  
  22  2:39  SCV  
  23  2:44  Barracks Tech Lab  
  23  2:51  SCV  
  23  2:54  Orbital Command, Barracks x2  
  24  3:03  Factory Tech Lab, SCV  
  24  3:05  Marine  
  26  3:07  Stimpack  
  25  3:22  SCV x2  
  27  3:28  Siege Tank  
  27  3:29  Marine  
  31  3:38  SCV x2  
  31  3:39  Refinery  
  31  3:40  Refinery  
  33  3:47  Barracks Reactor  
  33  3:48  Barracks Reactor, Marine  
  33  3:50  SCV  
  33  3:51  SCV  
  36  3:59  Starport  
  36  4:02  SCV  
  36  4:03  SCV  
  38  4:14  Engineering Bay  
  38  4:17  Engineering Bay  
  38  4:18  SCV  
  38  4:19  SCV  
  40  4:30  Marine x2, SCV  
  43  4:31  SCV  
  43  4:32  Marine  
  43  4:35  Marine  
  46  4:46  Supply Depot  
  46  4:49  Supply Depot  
  46  4:55  Terran Infantry Weapons Level 1  
  46  5:00  Terran Infantry Armor Level 1  
  46  5:07  SCV  
  46  5:08  Combat Shields  
  46  5:11  SCV  
  45  5:14  Medivac  
  43  5:24  SCV x2  
  45  5:30  Supply Depot  
  45  5:33  Marine x3  
  45  5:34  Marine x2, Supply Depot  
  50  5:36  SCV x2  
  52  5:46  Missile Turret  
  52  5:48  SCV x2  
  54  5:51  Missile Turret, Siege Tank  
  57  6:04  SCV x2  
  59  6:15  Starport Reactor  
  59  6:16  SCV  
  59  6:17  SCV  
  61  6:24  Marine x4  
  61  6:25  Marine  
  66  6:32  SCV x2, Armory  
  68  6:36  Siege Tank  
  71  6:44  SCV x2  
  73  7:08  Marine x3  
  72  7:09  Marine x2  
  72  7:12  SCV  
  78  7:21  Supply Depot x3  
  78  7:23  Supply Depot x2  
  78  7:25  Liberator x2  
  78  7:29  Command Center  
  78  7:34  Factory, Barracks  
  78  7:36  Barracks  
  78  7:37  Starport  
  78  7:42  Marine x3, SCV x2  
  89  7:44  Terran Infantry Weapons Level 2  
  89  7:50  Terran Infantry Armor Level 2  
  89  7:54  SCV  
  90  8:04  Terran Vehicle Weapons Level 1  
  90  8:06  Marine x5  
  95  8:13  Liberator  
  95  8:14  Liberator  
  86  8:29  Factory Tech Lab, Starport Reactor  
  86  8:33  Barracks Reactor x2  
  92  8:37  SCV x2  
  94  8:43  Orbital Command  
  94  8:47  Refinery  
  94  8:49  SCV x2  
  96  8:57  Refinery  
  96  9:01  SCV x2  
  98  9:09  Marine x3  
  99  9:10  Marine x6  
  99  9:11  Siege Tank  
  99  9:12  Siege Tank, Medivac  
  99  9:13  Medivac  
  117  9:25  Medivac x2, Liberator  
  117  9:27  Marine x4  
  117  9:28  Marine  
  117  9:30  Marine  
  117  9:31  Marine x3  
  133  9:46  Supply Depot  
  133  9:47  Supply Depot  
  133  9:48  Supply Depot  
  133  9:50  Supply Depot  
  133  9:51  Liberator  
  133  10:07  Marine  
  133  10:08  Marine x3  
  133  10:09  Siege Tank, Marine x5  
  141  10:24  Marine  
  141  10:25  Marine  
  141  10:26  Marine x2, SCV x3  
  148  10:35  Command Center  
  148  10:36  Command Center  
  148  10:38  SCV x3  
  148  10:39  Supply Depot x2  
  148  10:40  Supply Depot  
  148  10:42  Supply Depot  
  151  10:57  Terran Infantry Armor Level 3, Terran Infantry Weapons Level 3  
  151  11:00  Terran Vehicle Weapons Level 2  
  151  11:23  Marine x7  
  158  11:26  Marine  
  158  11:29  Widow Mine x3  
  158  11:31  Raven  
  158  11:32  Medivac x2  
  171  11:57  Widow Mine  
  172  12:13  Raven, Marine x2  
  172  12:14  Marine x7  
  172  12:15  Siege Tank  
  186  12:20  Liberator x2  
  175  12:31  Marine x4  
  179  12:48  Marine x3  
  179  12:49  Marine x6  
  179  12:50  Siege Tank  
  191  12:52  Widow Mine  
  191  12:53  Widow Mine  
  193  13:06  Marine  
  126  13:53  Marine x9  
  126  13:55  Widow Mine  
  140  14:10  Marine  
  140  14:11  Marine x4  
  139  14:20  Marine x4  
  141  14:28  Marine  
  111  14:57  Marine x4  
  111  14:58  Marine x5  
  120  15:01  Siege Tank  
  116  15:14  Refinery  
  110  15:15  Marine x2  
  112  15:24  Orbital Command  
  112  15:27  Marine x5  
  112  15:28  Marine x2  
  119  15:32  Marine  
  119  15:34  Terran Vehicle Weapons Level 3  
  120  15:41  Starport  
  120  15:42  Orbital Command, Starport  
  120  15:43  Factory  
  120  15:47  Barracks  
  120  15:49  Barracks  
  120  15:50  Barracks  
  120  16:17  Marine  
  120  16:18  Marine x8  
  124  16:22  Barracks  
  124  16:23  Starport Reactor  
  129  16:35  Marine  
  129  16:36  Marine  
  129  16:39  Liberator  
  125  16:40  Liberator  
  120  16:48  Marine  
  120  16:49  Marine x9  
  120  16:53  Marine x2  
  132  17:06  Marine x2  
  132  17:07  Marine x8  
  142  17:15  Liberator x2  
  134  17:28  Marine  
  134  17:29  Barracks Reactor  
  135  17:30  Barracks Reactor x3, Marine  
  135  17:31  Marine x7  
  135  17:32  Liberator x2  
  135  17:35  Siege Tank  
  158  18:07  Marine  
  158  18:08  Marine x16  
  175  18:17  Liberator  
  175  18:18  Liberator x3  
  175  18:33  Marine  
  175  18:34  Marine x9  
  92  22:25  Factory  
  92  22:31  Supply Depot  
  92  22:32  Supply Depot  
  92  22:34  Supply Depot x2  
  92  22:35  Supply Depot  
  91  22:41  Orbital Command, Supply Depot x2  
  91  22:42  Supply Depot  
  91  22:43  Supply Depot  
  91  22:44  Supply Depot  
  90  23:19  Command Center  
  90  23:27  Barracks x2  
  90  23:31  Barracks  
  90  23:32  Barracks  
  90  23:33  Barracks  
  49  23:58  Engineering Bay  
  49  24:03  Refinery  
  49  24:04  Refinery  
  49  24:21  Marine x5  
  54  24:36  Orbital Command  
  54  24:39  Marine  
  54  24:43  Barracks x3  
  55  25:02  Marine  
  55  25:42  Marine x3  
  55  26:00  Marine x2  
  57  26:14  Marine  
  57  26:18  Marine x3  
  61  26:32  Marine  
  53  26:35  Marine  
  53  26:36  Marine x2  
  46  26:56  Marine x4  
  46  27:00  Command Center  
  48  27:14  Marine x2  
  38  27:24  Marine  
  38  27:31  Marine  
  37  28:03  Marine x3  
  39  28:20  Marine  
  39  28:21  Marine  
  41  28:47  Supply Depot x2  
  41  29:09  Marine x3, Supply Depot  
  43  29:11  Supply Depot  
  43  29:26  Marine x3  
  45  29:35  Barracks  
  45  29:36  Barracks  
  44  29:44  Marine x2  
  40  30:02  Orbital Command  
  33  30:19  Marine x3  
  31  30:37  Marine x3  
  31  30:42  Orbital Command  
  26  30:55  Marine  
  13  31:14  Marine x4  
  13  31:15  Marine  
  18  31:32  SCV x2  
  20  31:43  Marine  
  20  31:44  SCV  
  20  32:01  Marine  
  17  32:11  Marine x4  
  21  32:19  Marine  
  21  32:22  Command Center  
  21  32:29  Marine  
  20  32:33  Marine x3  
  21  32:37  Marine  
  21  32:40  Orbital Command  
  21  32:46  Marine  
  21  32:51  Marine x3  
  24  32:55  Marine  
  26  33:05  Marine  
  27  33:08  Marine  
  27  33:09  Marine x2  
  30  33:18  Marine  
  31  33:22  Marine  
  31  33:26  Marine x2  
Show
View Real Time Build Order
Export as new Build Order

palerider Protoss 

Build Orders: Nexus First, Oracle Opening 

Get SALT Encoding   

  12  0:01  Probe (Chrono Boost)  
  13  0:12  Probe (Chrono Boost)  
  14  0:19  Pylon  
  14  0:22  Probe (Chrono Boost)  
  15  0:37  Probe (Chrono Boost)  
  16  0:47  Probe (Chrono Boost)  
  17  0:58  Nexus  
  17  1:01  Probe (Chrono Boost)  
  18  1:12  Gateway  
  18  1:15  Probe (Chrono Boost)  
  19  1:21  Assimilator  
  19  1:25  Assimilator  
  19  1:28  Probe (Chrono Boost)  
  20  1:38  Probe (Chrono Boost)  
  21  1:44  Pylon  
  21  1:49  Probe (Chrono Boost)  
  22  1:59  Probe (Chrono Boost)  
  22  2:00  Cybernetics Core  
  23  2:07  Forge  
  23  2:16  Probe x2 (Chrono Boost)  
  25  2:26  Probe (Chrono Boost)  
  25  2:28  Probe (Chrono Boost)  
  27  2:35  Assimilator  
  27  2:39  Mothership Core (Chrono Boost)  
  29  2:45  Photon Cannon  
  29  2:51  Pylon  
  29  2:52  Probe (Chrono Boost)  
  30  3:02  Probe (Chrono Boost)  
  31  3:05  Stargate  
  31  3:14  Probe x2 (Chrono Boost)  
  33  3:25  Assimilator  
  33  3:26  Probe (Chrono Boost)  
  33  3:27  Probe (Chrono Boost)  
  35  3:28  Warp Gate (Chrono Boost)  
  35  3:36  Probe  
  35  3:37  Probe  
  37  3:43  Pylon  
  37  3:47  Pylon  
  37  3:49  Oracle  
  40  3:58  Fleet Beacon  
  40  4:00  Probe x2  
  42  4:10  Photon Cannon  
  42  4:11  Probe  
  42  4:13  Probe  
  44  4:22  Probe, Photon Cannon  
  45  4:41  Tempest  
  49  4:52  Nexus  
  49  4:57  Pylon  
  49  5:02  Probe  
  49  5:04  Probe  
  51  5:11  Protoss Air Weapons Level 1 (Chrono Boost)  
  51  5:17  Probe  
  51  5:18  Probe  
  53  5:27  Tempest  
  54  5:33  Photon Cannon  
  54  5:37  Assimilator  
  54  5:38  Pylon  
  54  5:40  Robotics Facility  
  54  5:41  Protoss Shields Level 1 (Chrono Boost)  
  54  5:43  Probe x2  
  54  5:49  Pylon  
  56  5:58  Pylon  
  56  6:00  Photon Cannon  
  56  6:02  Photon Cannon  
  56  6:06  Assimilator  
  56  6:08  Probe x2  
  56  6:09  Probe  
  59  6:22  Probe x2  
  59  6:23  Probe  
  62  6:32  Probe  
  62  6:33  Immortal  
  62  6:35  Probe  
  68  6:41  Tempest  
  72  6:49  Stargate  
  72  7:12  Observer  
  72  7:14  Probe x2  
  73  7:16  Probe  
  73  7:17  Protoss Air Weapons Level 2 (Chrono Boost)  
  76  7:24  Tempest  
  76  7:26  Pylon  
  86  7:34  Tempest, Observer  
  91  7:43  Robotics Bay  
  91  7:46  Twilight Council  
  91  7:49  Stalker  
  93  7:52  Probe  
  93  7:53  Probe  
  93  7:54  Probe  
  93  7:55  Observer  
  97  8:03  Probe  
  98  8:06  Probe  
  98  8:07  Tempest  
  98  8:10  Pylon  
  103  8:16  Observer  
  104  8:23  Protoss Shields Level 2 (Chrono Boost)  
  104  8:25  Extended Thermal Lance (Chrono Boost)  
  100  8:45  Colossus (Chrono Boost)  
  106  8:50  Probe  
  106  8:51  Probe  
  106  8:52  Probe  
  106  8:55  Zealot  
  111  8:58  Nexus  
  111  9:00  Tempest  
  115  9:05  Pylon  
  115  9:07  Pylon  
  115  9:09  Pylon  
  115  9:14  Tempest  
  115  9:16  Assimilator  
  118  9:32  Photon Cannon  
  118  9:36  Photon Cannon  
  118  9:38  Colossus (Chrono Boost)  
  124  9:39  Photon Cannon  
  124  9:46  Assimilator  
  124  9:47  Tempest  
  124  9:50  Probe x3, Observer Gravitic Boosters  
  130  10:02  Tempest  
  134  10:12  Probe  
  134  10:13  Probe x3  
  138  10:23  Probe  
  138  10:25  Probe x2  
  141  10:29  Tempest  
  141  10:30  Nexus, Probe  
  141  10:32  Colossus (Chrono Boost)  
  141  10:33  Probe, Assimilator  
  153  10:36  Pylon  
  153  10:37  Probe  
  153  10:38  Pylon  
  153  10:39  Pylon, Assimilator  
  154  10:45  Tempest, Pylon  
  154  10:46  Pylon  
  154  10:48  Pylon  
  158  10:51  Probe  
  158  10:52  Probe x3  
  162  11:12  Protoss Ground Weapons Level 1  
  162  11:15  Photon Cannon  
  162  11:16  Photon Cannon  
  162  11:19  Colossus (Chrono Boost)  
  162  11:21  Photon Cannon  
  168  11:38  Probe  
  168  11:39  Probe x3  
  172  11:51  Probe  
  173  11:55  Tempest  
  177  12:05  Observer (Chrono Boost)  
  165  12:18  Assimilator  
  165  12:19  Nexus  
  165  12:23  Assimilator  
  165  12:24  Colossus (Chrono Boost)  
  169  12:39  Tempest x2  
  177  13:09  Nexus  
  164  13:30  Protoss Air Weapons Level 3  
  108  14:04  Probe  
  108  14:05  Probe x2  
  108  14:06  Probe  
  111  14:10  Pylon x2  
  111  14:12  Pylon  
  111  14:15  Pylon x2, Probe  
  99  14:17  Pylon  
  98  14:45  Mothership Core  
  92  14:57  Stargate  
  92  15:02  Robotics Facility  
  92  15:05  Pylon  
  92  15:06  Pylon  
  97  15:21  Forge  
  97  15:28  Tempest  
  97  15:30  Tempest  
  97  15:42  Pylon  
  97  15:43  Tempest  
  97  15:45  Pylon  
  97  15:49  Dark Shrine  
  101  15:54  Assimilator  
  101  15:55  Robotics Bay  
  101  15:56  Observer (Chrono Boost)  
  102  15:57  Assimilator  
  102  15:58  Photon Cannon  
  102  15:59  Photon Cannon  
  102  16:02  Photon Cannon  
  102  16:11  Tempest  
  102  16:12  Tempest, Probe x3  
  102  16:13  Probe  
  102  16:17  Observer (Chrono Boost)  
  115  16:22  Pylon  
  115  16:23  Probe  
  116  16:26  Tempest  
  117  16:41  Immortal (Chrono Boost)  
  115  16:54  Tempest  
  119  16:55  Tempest  
  119  17:00  Photon Cannon  
  118  17:18  Observer (Chrono Boost)  
  116  17:34  Probe x2  
  116  17:35  Probe  
  125  17:42  Dark Templar  
  125  17:43  Colossus (Chrono Boost)  
  127  17:45  Probe x3  
  130  18:00  Gateway  
  130  18:01  Probe x2  
  130  18:05  Photon Cannon  
  132  18:14  Tempest  
  132  18:15  Probe x2  
  127  19:15  Photon Cannon  
  126  19:40  Dark Templar  
  92  20:29  Dark Templar  
  83  21:20  Nexus  
  83  21:21  Pylon  
  83  21:22  Assimilator  
  83  21:23  Assimilator  
  83  21:54  Photon Cannon  
  60  22:31  Nexus  
  60  22:46  Nexus  
  60  22:51  Pylon  
  60  22:53  Pylon  
  60  22:54  Nexus  
  60  23:25  Assimilator  
  60  23:28  Assimilator  
  52  24:04  Probe  
  53  24:33  Probe  
  54  25:18  Probe x2  
Tags
 
Add a new tag
Caveats
  • Supply blocks, unpowered buildings, or Contaminate may cause inaccurate times.
  • Supply counts are checked every 10 seconds.